 Dungeon Crawl Stone Soup version 0.20-a0-390-g4892b34 (webtiles) character file.

390 KristoblXynda the Chopper (level 6, -19/55 HPs)
             Began as a Deep Dwarf Fighter on Dec 30, 2016.
             Demolished by an ogre
             ... wielding a +0 giant spiked club
              (21 damage)
             ... on level 4 of the Dungeon.
             The game lasted 00:08:11 (3791 turns).

KristoblXynda the Chopper (Deep Dwarf Fighter)      Turns: 3791, Time: 00:08:11

Health: -19/55     AC: 13    Str: 20    XL:     6   Next: 50%
Magic:  6/6        EV:  7    Int: 10    God:
Gold:   121        SH: 10    Dex: 12    Spells: 5/5 levels left

rFire  . . .     SeeInvis .     a - +1 war axe
rCold  . . .     Gourm    .     b - +1 scale mail
rNeg   . . .     Faith    .     c - +0 shield
rPois  .         Spirit   .     t - +0 helmet
rElec  .         Reflect  .     (no cloak)
rCorr  .         Harm     .     i - +0 pair of gloves
MR     +....                    (no boots)
Stlth  ..........               (no amulet)
                                u - +3 ring of protection
                                l - ring of protection from magic

@: non-regenerating
A: damage resistance, recharge devices, sense surroundings 1, slow regeneration
3
a: Heal Wounds


You were on level 4 of the Dungeon.
You were not hungry.

You visited 1 branch of the dungeon, and saw 4 of its levels.

You collected 199 gold pieces.
You spent 78 gold pieces at shops.

Inventory:

Hand Weapons
 a - a +1 war axe (weapon)
Armour
 b - a +1 scale mail (worn)
 c - a +0 shield (worn)
 i - a +0 pair of gloves (worn)
 t - a +0 helmet (worn)
Jewellery
 l - a ring of protection from magic (left hand)
 u - a +3 ring of protection (right hand)
Scrolls
 e - 2 scrolls of remove curse
 h - 3 scrolls of enchant armour
 r - a scroll of teleportation
 s - a scroll of recharging
Potions
 d - a potion of might
 j - a potion of cancellation
 m - a potion of berserk rage
 n - 3 potions of mutation
 v - a potion of haste
 z - a potion of invisibility
Books
 A - a book of Changes

   Spells                             Type                      Level
   a - Beastly Appendage              Transmutation                1
   b - Sticks to Snakes               Transmutation                2
   c - Spider Form                    Transmutation/Poison         3
   d - Ice Form                       Ice/Transmutation            4
   e - Blade Hands                    Transmutation                5
Comestibles
 f - 4 bread rations
 g - 2 meat rations
 k - a slice of pizza
 o - 3 chunks of flesh
 q - a royal jelly
 w - a beef jerky


   Skills:
 - Level 2.6 Fighting
 * Level 5.7 Axes
 + Level 4.7 Armour
 + Level 5.0 Shields


You had 5 spell levels left.
You didn't know any spells.

Dungeon Overview and Level Annotations

Branches:
Dungeon (4/15)
 Temple: D:4-7

Altars:
Ashenzari
Dithmenos

Shops:
D:4 ?


Innate Abilities, Weirdness & Mutations

You are resistant to damage.
You can recharge devices by infusing magical energy.
You passively map a small area around you.
You do not regenerate.


Message History

* * * LOW HITPOINT WARNING * * *
You slash the ogre!
The ogre is heavily wounded.
You block the ogre's attack.
You hit the ogre.
The ogre is heavily wounded.
The ogre hits you with a giant spiked club.
You barely miss the ogre.
The ogre is heavily wounded.
You closely miss the ogre.
The ogre is heavily wounded.
The ogre hits you but does no damage.
You hit the ogre.
The ogre is heavily wounded.
The ogre hits you with a giant spiked club!
* * * LOW HITPOINT WARNING * * *
You slash the ogre!
The ogre is severely wounded.
The ogre hits you with a giant spiked club!!
You die...

#.# #.......##.#*
* * * #.#
#.......##.# #.#
#.......##.#
#.###.......##.###
#>...............#
####........##.#.#
#........##.#.#
#.#.#######.#.#
#.#.# #.@.#.#
#.#.#.....O.#.#
#.#.#.###.#.#.#
#.#.#, *#.#.#.#
#.# ..#.#.# *
*####.#.# ..# *##,


You could see an ogre.

Vanquished Creatures
  A scorpion (D:4)
  A hound (D:4)
  2 orc priests
  2 orc wizards
  3 gnolls (D:2)
  5 adders
  An adder skeleton (D:4)
  3 worms (D:2)
  A dart slug (D:1)
  3 leopard geckos
  14 orcs
  12 bats
  2 giant cockroaches (D:2)
  9 goblins
  12 hobgoblins
  7 jackals
  4 quokkas
  A ball python (D:2)
  4 frilled lizards
  7 kobolds
  8 rats
102 creatures vanquished.

Notes
Turn   | Place    | Note
-------+----------+-------------------------------------------
     0 | D:1      | KristoblXynda the Deep Dwarf Fighter began the quest for the Orb.
     0 | D:1      | Reached XP level 1. HP: 20/20 MP: 1/1
   139 | D:1      | Reached XP level 2. HP: 22/27 MP: 2/2
   674 | D:1      | Reached XP level 3. HP: 25/33 MP: 3/3
  1013 | D:2      | Found a shattered altar of Ashenzari.
  1094 | D:2      | Reached XP level 4. HP: 12/40 MP: 4/4
  1829 | D:2      | Found a faded altar of an unknown god.
  2275 | D:3      | Reached XP level 5. HP: 14/46 MP: 5/5
  2496 | D:3      | Found a shadowy altar of Dithmenos.
  3071 | D:3      | Reached skill level 5 in Axes
  3423 | D:4      | Reached XP level 6. HP: 11/55 MP: 6/6
  3574 | D:4      | Found Esesaluz's Magic Scroll Shop.
  3581 | D:4      | Bought a scroll of identify for 26 gold pieces
  3581 | D:4      | Bought a scroll of identify for 26 gold pieces
  3581 | D:4      | Bought a scroll of identify for 26 gold pieces
  3658 | D:4      | Reached skill level 5 in Shields
  3790 | D:4      | HP: 2/55 [ogre/giant spiked club (12)]
  3791 | D:4      | Demolished by an ogre

Vault maps used:
D:1:      dpeg_arrival_three_same_balls, corner_web_ring
D:2:      ashenzari_altar_1, chequers_ecumenical_altar_twisty, serial_forest,
          infiniplex_forest_end_2, infiniplex_forest_clump_small,
          infiniplex_forest_clump_medium, infiniplex_forest_straight_2,
          infiniplex_forest_lined_2, infiniplex_forest_corner_2, st_stairs_12
D:3:      grunt_dithmenos_smoke_and_mirrors
D:4:      old_forge, serial_shops, shop, first_bread

Skill      XL: |  1  2  3  4  5  6 |
---------------+-------------------+-----
Axes           | 3 4 5 |  5.7
Armour         | 4 |  4.7
Shields        | 4 5 |  5.0
Fighting       | |  2.6

Action                   |  1- 3 |  4- 6 || total
-------------------------+-------+-------++-------
Melee: War axe           |    81 |   221 ||   302
       Hand axe          |    39 |    12 ||    51
  Use: Scroll            |     4 |    14 ||    18
       Potion            |     1 |     3 ||     4
  Eat: Chunk             |     1 |     9 ||    10
Armor: Scale mail        |    70 |   101 ||   171
Dodge: Dodged            |    46 |    80 ||   126
Block: Shield            |    78 |   121 ||   199
